Map: Thunderbird LE

Players

Rob

  • Race: Protoss Protoss
  • League: Grandmaster
  • Spawn Location: 5:00

Jason - Winner!

  • Race: Terran Terran
  • League: Grandmaster
  • Spawn Location: 11:00

VOD

Have the link to the VOD?

Description

Time

  • Played on: May 13, 2019, 7:54 p.m.
  • Length: 18:20
Show
View Real Time Build Order
Export as new Build Order

Rob Protoss 

Build Orders: 1 Gate Expand 

Get SALT Encoding   

  12  0:00  Probe  
  13  0:12  Probe  
  14  0:17  Pylon  
  14  0:24  Probe  
  15  0:32  Probe  
  15  0:38  Gateway  
  15  0:40  Probe  
  16  0:47  Assimilator  
  17  0:51  Probe  
  18  1:03  Probe  
  19  1:15  Probe  
  20  1:26  Cybernetics Core  
  20  1:33  Nexus  
  20  1:35  Probe  
  21  1:46  Pylon  
  21  1:47  Assimilator  
  21  1:51  Probe  
  21  1:53  Adept  
  22  2:03  Probe  
  22  2:07  Warp Gate  
  25  2:15  Probe  
  26  2:17  Stalker  
  26  2:23  Robotics Facility  
  26  2:27  Probe  
  29  2:39  Probe  
  30  2:45  Probe  
  31  2:51  Probe  
  31  2:57  Probe  
  33  3:03  Probe  
  34  3:06  Observer  
  34  3:09  Probe  
  34  3:10  Robotics Bay  
  34  3:11  Pylon  
  35  3:15  Probe  
  37  3:21  Probe  
  37  3:25  Stalker, Warp Prism  
  40  3:33  Probe  
  41  3:34  Probe  
  42  3:45  Probe  
  42  3:48  Gateway  
  43  3:49  Gateway  
  43  3:54  Disruptor  
  43  3:55  Probe, Gravitic Drive  
  44  3:57  Probe  
  48  4:03  Pylon  
  48  4:07  Probe  
  48  4:09  Probe  
  50  4:10  Pylon  
  50  4:12  Assimilator  
  50  4:14  Assimilator  
  50  4:16  Pylon  
  50  4:19  Probe  
  50  4:21  Probe  
  52  4:25  Stalker  
  52  4:28  Pylon  
  54  4:32  Probe  
  54  4:33  Probe  
  54  4:34  Observer  
  54  4:37  Shield Battery  
  56  4:46  Probe  
  56  4:48  Forge  
  56  4:50  Twilight Council  
  57  4:53  Disruptor  
  60  5:07  Gateway  
  60  5:09  Gateway  
  60  5:16  Shield Battery  
  60  5:17  Stalker x3  
  66  5:22  Charge  
  66  5:31  Protoss Ground Weapons Level 1  
  66  5:48  Nexus  
  66  5:49  Stalker x2  
  70  5:50  Stalker  
  70  5:56  Pylon  
  70  5:57  Probe x2  
  74  6:07  Pylon x2  
  74  6:08  Observer  
  74  6:09  Probe  
  75  6:20  Probe  
  75  6:21  Probe  
  75  6:22  Stalker x3  
  83  6:32  Colossus  
  82  6:33  Probe  
  87  6:44  Stalker  
  87  6:45  Stalker, Probe  
  87  6:46  Stalker x2  
  93  6:54  Blink  
  93  6:57  Probe  
  94  7:01  Probe x2  
  94  7:07  Stalker x2  
  100  7:09  Probe  
  100  7:13  Probe x2  
  103  7:17  Assimilator  
  103  7:21  Colossus, Assimilator  
  103  7:28  Protoss Ground Armor Level 1  
  103  7:32  Probe  
  103  7:33  Probe x2  
  112  7:39  Robotics Facility  
  112  7:42  Pylon  
  112  7:49  Stalker x3  
  118  7:52  Pylon  
  118  8:02  Stalker x2  
  122  8:12  Colossus  
  122  8:19  Zealot x3  
  128  8:22  Colossus  
  128  8:25  Pylon  
  128  8:26  Pylon  
  134  8:29  Pylon  
  134  8:31  Pylon  
  140  8:44  Templar Archives  
  140  8:49  Forge  
  140  8:51  Nexus  
  140  9:05  Gateway  
  140  9:06  Gateway  
  140  9:07  Gateway  
  138  9:10  Gateway  
  138  9:18  Protoss Ground Armor Level 2  
  138  9:19  Protoss Ground Weapons Level 2  
  132  9:25  Stalker x5  
  142  9:42  Nexus  
  142  9:44  Pylon  
  142  9:55  High Templar x3  
  142  9:56  Zealot, High Templar  
  152  10:06  Archon x2  
  145  10:15  Stargate  
  145  10:25  Stalker x5  
  155  10:29  Zealot x4  
  163  10:38  Pylon x3  
  163  10:56  Zealot x7  
  163  10:57  Zealot  
  179  11:02  Warp Prism  
  180  11:12  Probe x4  
  175  11:18  Zealot x3  
  175  11:24  Probe  
  164  11:26  Zealot x2  
  164  11:30  Disruptor  
  153  11:37  Zealot  
  144  12:05  Nexus  
  144  12:07  High Templar x3  
  150  12:11  Pylon  
  150  12:12  Pylon  
  145  12:42  High Templar x6, Pylon  
  157  12:46  Pylon  
  157  12:48  Pylon  
  157  12:55  Phoenix  
  157  13:03  Stalker x3  
  157  13:04  Archon x2  
  157  13:05  Archon x2  
  165  13:11  Forge  
  165  13:18  High Templar x3  
  165  13:19  Zealot x2  
  168  13:28  Archon  
  149  13:35  Zealot x3  
  149  13:36  Zealot  
  153  13:42  Zealot  
  153  13:58  Nexus  
  153  14:03  Zealot, High Templar x2  
  153  14:08  Archon  
  153  14:09  Zealot  
  150  14:30  High Templar x3  
  150  14:31  High Templar  
  157  14:36  Archon x2  
  157  14:37  High Templar  
  159  14:39  Nexus  
  159  14:42  Observer  
  159  14:43  Psionic Storm  
  156  15:00  Disruptor  
  139  15:15  Probe x2  
  139  15:19  Zealot x2  
  143  15:27  Probe x2  
  145  15:32  Zealot x2  
  149  15:39  Probe  
  149  15:41  Zealot x2  
  146  15:44  Zealot  
  136  15:51  Probe  
  136  15:55  High Templar x2  
  132  16:13  Zealot x4  
  140  16:20  Probe x2  
  142  16:27  Stalker  
  143  16:32  Probe, Disruptor  
  143  16:46  Assimilator  
  146  16:49  Assimilator  
  144  16:55  Pylon  
  144  16:57  Assimilator  
  138  17:02  Zealot x3, Assimilator  
  144  17:20  Zealot x5  
  61  17:38  Zealot x3  
  61  17:41  Archon  
  63  17:47  Zealot x4  
  54  18:01  Nexus  
  54  18:05  High Templar  
  54  18:08  High Templar  
  58  18:16  Zealot x2  
Show
View Real Time Build Order
Export as new Build Order

Jason Terran - Winner!

Build Orders: Gas First Reaper Expand 

Get SALT Encoding   

  12  0:01  SCV  
  13  0:13  SCV  
  14  0:19  Supply Depot  
  14  0:25  SCV  
  15  0:32  Refinery  
  15  0:40  SCV  
  16  0:46  Barracks  
  16  0:52  SCV  
  17  1:04  SCV  
  18  1:16  SCV  
  19  1:35  Reaper, Orbital Command  
  20  1:53  Command Center  
  20  1:57  Factory  
  20  2:01  SCV  
  21  2:09  Barracks Reactor  
  21  2:12  Supply Depot  
  21  2:13  SCV  
  22  2:25  SCV, Refinery  
  23  2:38  SCV  
  24  2:46  Marine x2  
  24  2:50  Starport  
  28  2:55  SCV, Widow Mine  
  28  3:04  Marine x2  
  28  3:05  Orbital Command  
  30  3:08  Bunker  
  30  3:11  SCV  
  31  3:17  Factory Tech Lab  
  31  3:18  Supply Depot  
  31  3:23  SCV, Marine  
  31  3:25  Marine  
  34  3:35  Viking  
  34  3:37  SCV  
  34  3:39  SCV  
  38  3:46  Siege Tank  
  41  3:49  SCV  
  41  3:55  Marine  
  43  3:56  Marine, Supply Depot  
  43  4:00  SCV  
  43  4:01  SCV  
  46  4:04  Engineering Bay  
  46  4:07  Starport Tech Lab  
  46  4:12  SCV  
  46  4:13  SCV  
  46  4:14  Marine  
  49  4:19  Supply Depot  
  49  4:24  SCV, Siege Tank  
  50  4:25  SCV  
  50  4:26  Marine  
  55  4:34  Missile Turret  
  55  4:36  SCV  
  55  4:37  SCV  
  57  4:47  Command Center  
  57  4:50  Marine  
  57  4:52  Raven  
  61  4:54  SCV  
  61  4:55  SCV  
  61  4:56  Marine  
  63  5:06  SCV  
  58  5:09  SCV  
  58  5:11  Factory Reactor  
  59  5:16  Barracks  
  59  5:17  Barracks  
  59  5:18  SCV  
  60  5:22  Terran Infantry Weapons Level 1, SCV  
  56  5:29  Marauder  
  56  5:30  SCV  
  56  5:34  SCV  
  60  5:42  Stimpack  
  60  5:44  SCV  
  61  5:50  Marauder, Widow Mine x2  
  61  5:52  SCV  
  61  5:57  SCV  
  69  5:58  Starport Reactor  
  69  5:59  Orbital Command  
  69  6:04  SCV  
  70  6:17  Marauder, Barracks  
  72  6:22  SCV x2, Barracks  
  72  6:25  Marine x2  
  75  6:26  Marauder  
  75  6:27  SCV  
  75  6:29  Refinery  
  79  6:34  SCV  
  79  6:36  Refinery  
  80  6:42  SCV  
  80  6:43  SCV  
  80  6:44  Marine  
  80  6:45  Marine  
  80  6:46  Combat Shield  
  80  6:47  Marine  
  85  6:58  Orbital Command  
  85  7:03  Supply Depot x2  
  85  7:04  SCV, Widow Mine x2, Marauder, Marine x2  
  73  7:08  SCV  
  73  7:10  Marauder  
  76  7:15  Medivac x2  
  76  7:16  SCV  
  76  7:17  Barracks Tech Lab x2  
  76  7:21  SCV  
  82  7:24  Marine x2  
  82  7:25  SCV  
  82  7:28  SCV  
  82  7:29  Marauder  
  88  7:31  Marine  
  88  7:33  SCV  
  88  7:35  Marine x2  
  92  7:37  SCV  
  92  7:41  Widow Mine x2  
  92  7:42  SCV  
  98  7:45  Marine  
  98  7:46  SCV  
  100  7:53  Supply Depot x2  
  100  7:54  Supply Depot  
  100  7:59  SCV  
  101  8:09  Concussive Shells  
  101  8:11  Barracks  
  101  8:14  Medivac x2, Marine x2  
  101  8:15  Marauder x3, SCV x3, Barracks  
  101  8:16  Marauder  
  101  8:18  Barracks  
  118  8:26  Refinery x2  
  118  8:27  SCV x3  
  118  8:31  Supply Depot  
  118  8:32  Marine x2, Supply Depot  
  123  8:36  Marauder  
  123  8:37  Terran Infantry Armor Level 1  
  123  8:39  Armory  
  123  8:40  Engineering Bay  
  125  8:48  Supply Depot  
  125  8:50  Supply Depot  
  125  8:52  SCV x3, Marine x3  
  125  8:53  Marauder, Marine  
  134  9:00  Medivac x2  
  134  9:02  Barracks Tech Lab x2  
  138  9:04  SCV  
  138  9:05  SCV  
  139  9:11  Marauder x2  
  139  9:12  Marauder, Marine  
  146  9:22  Marine x2  
  132  9:26  Marauder x2  
  132  9:27  Marine  
  132  9:30  Marine  
  132  9:33  SCV x2  
  132  9:35  Terran Infantry Weapons Level 2  
  132  9:36  Terran Ship Weapons Level 1  
  132  9:37  Marauder  
  132  9:38  Marine  
  137  9:39  Marine  
  137  9:44  Marine  
  139  9:46  Marauder, Marine  
  139  9:47  Marine  
  139  9:49  Marine x2  
  139  9:52  Widow Mine  
  146  9:56  Marine  
  146  9:57  Marine  
  146  9:58  Marine  
  149  10:02  Marine  
  149  10:04  Marine  
  149  10:05  Marine  
  144  10:07  Marauder, Marine x2  
  144  10:10  Medivac x2  
  154  10:14  Marauder  
  154  10:15  Marine  
  154  10:20  Marine x2  
  157  10:27  Marine x3  
  160  10:31  Sensor Tower  
  160  10:37  Command Center  
  160  10:40  Medivac x2  
  164  10:45  Marine x2  
  164  10:46  Marauder x3, Marine  
  173  10:57  Supply Depot  
  173  10:59  Supply Depot  
  173  11:05  Terran Infantry Armor Level 2  
  173  11:17  Supply Depot  
  173  11:18  Marine, Medivac, Supply Depot  
  173  11:21  Supply Depot  
  171  11:38  Marine  
  171  11:39  Marauder, Marine  
  164  11:43  Widow Mine  
  164  11:45  Marine x4  
  164  11:46  Marauder x2  
  172  11:52  Terran Infantry Weapons Level 3, Widow Mine  
  159  11:56  Marine  
  159  11:58  Marine  
  159  12:01  Marauder  
  163  12:03  Marauder, Marine x2  
  163  12:04  Marauder  
  163  12:06  Marine  
  170  12:09  Starport x2  
  170  12:10  Sensor Tower  
  170  12:12  Marine  
  170  12:14  Marine  
  172  12:22  Marauder  
  165  12:34  Marauder, Marine x4  
  165  12:35  Marauder  
  165  12:36  Marine x2  
  162  12:39  Medivac x2  
  162  12:43  Marauder  
  168  12:45  Planetary Fortress  
  168  12:46  SCV  
  168  12:47  SCV  
  168  12:49  Starport Reactor  
  170  12:52  Marauder, Marine x3  
  175  13:02  Marine x2  
  175  13:03  Marauder x2  
  175  13:04  Viking  
  175  13:05  Marauder  
  185  13:07  Viking  
  185  13:08  Medivac  
  185  13:09  Viking  
  191  13:14  Marauder  
  193  13:21  Marauder x2  
  193  13:28  Marauder, Marine  
  193  13:29  Viking  
  193  13:30  Marine x2  
  193  13:33  Marine  
  199  13:38  Viking  
  200  13:47  Marine x2, Widow Mine  
  184  13:53  SCV  
  184  13:54  SCV x2  
  184  13:55  SCV  
  175  14:05  Marine x2  
  175  14:06  Marauder x2, Viking, Marine  
  175  14:08  Viking x2  
  188  14:14  Viking  
  182  14:21  Marine x3  
  182  14:22  Refinery  
  182  14:23  Refinery  
  173  14:27  Terran Infantry Armor Level 3  
  171  14:32  Marine x2  
  171  14:33  Marauder  
  175  14:39  Viking, Widow Mine  
  179  14:46  Viking  
  179  14:51  Marine x3  
  179  14:52  Marauder x2  
  184  14:54  Marauder  
  184  14:56  Liberator x2  
  184  15:00  Liberator  
  184  15:02  Liberator  
  180  15:12  Marine x3  
  180  15:13  Marauder x2  
  193  15:20  Marine  
  200  15:36  Liberator x2  
  200  15:39  Liberator  
  197  15:51  Marine x2  
  197  15:52  Marauder x3, Marine x2  
  197  15:54  Marine  
  197  15:55  Marine  
  194  16:09  Marine x2  
  194  16:10  Marauder  
  195  16:16  Widow Mine  
  194  16:23  Marine x2  
  194  16:24  Marauder  
  194  16:25  Marine x2  
  200  16:31  Command Center  
  198  16:55  Marine  
  198  16:57  Marine  
  200  17:07  Liberator  
  200  17:08  Command Center, Liberator  
  200  17:09  Sensor Tower  
  200  17:13  Sensor Tower  
  200  17:15  Missile Turret  
  199  17:17  Marine x2  
  186  17:33  Marauder, Marine x2  
  186  17:34  Marine x3  
  186  17:35  Marauder  
  186  17:37  Marine x2  
  145  17:49  SCV x3  
  145  17:51  Marauder, Marine  
  138  17:52  Marine x3  
  138  17:55  Marauder, Marine  
  139  17:58  Widow Mine  
  139  17:59  Marine x2  
Tags
 
Add a new tag
Caveats
  • Supply blocks, unpowered buildings, or Contaminate may cause inaccurate times.
  • Supply counts are checked every 10 seconds.